 Dungeon Crawl Stone Soup version 0.23.2-40-g277498a001 (webtiles) character file.

Game seed: 604773005978621110

67 Emblim88 the Charlatan (level 3, -2/31 HPs)
             Began as a Deep Dwarf Artificer on Oct 18, 2019.
             Killed by divine providence
             ... invoked by an orc priest
              (10 damage)
             ... on level 3 of the Dungeon.
             The game lasted 00:04:21 (1389 turns).

Emblim88 the Charlatan (Deep Dwarf Artificer)       Turns: 1389, Time: 00:04:23

Health: -2/31      AC:  3    Str: 20    XL:     3   Next: 98%
Magic:  7/7        EV: 12    Int: 12    God:
Gold:   117        SH:  0    Dex: 13    Spells: 2/2 levels left

rFire    . . .     SeeInvis .   r - +1 dagger (speed)
rCold    . . .     Gourm    .   (no shield)
rNeg     . . .     Faith    .   b - +0 leather armour
rPois    .         Spirit   .   (no helmet)
rElec    .         Reflect  .   (no cloak)
rCorr    .         Harm     .   (no gloves)
MR       +....                  (no boots)
Stlth    ++........             (no amulet)
HPRegen  0.00/turn              h - ring of protection from magic
MPRegen  0.10/turn              m - +5 ring of strength

@: non-regenerating
A: damage resistance, heal wounds, sense surroundings 1, no regeneration
a: Heal Wounds


You were on level 3 of the Dungeon.
You were not hungry.

You visited 1 branch of the dungeon, and saw 3 of its levels.

You collected 117 gold pieces.

Inventory:

Hand Weapons
 a - a +0 short sword
 r - a +1 dagger of speed (weapon)
Armour
 b - a +0 leather armour (worn)
Jewellery
 h - a ring of protection from magic (left hand)
 m - a +5 ring of strength (right hand)
Wands
 c - a wand of flame (1)
 d - a wand of enslavement (14)
 e - a wand of random effects (15)
Scrolls
 g - a scroll of fear {unknown}
 i - a scroll of fog {unknown}
 l - a scroll of enchant armour {unknown}
 o - a scroll of identify {unknown}
Potions
 j - a potion of heal wounds {unknown}
 k - a potion of curing {unknown}
 n - a potion of might {unknown}
 p - 3 potions of degeneration {unknown}
Comestibles
 f - 4 rations
 q - a chunk of flesh


   Skills:
 + Level 1.1 Fighting
 - Level 0.8 Short Blades
 + Level 0.6 Armour
 + Level 2.3 Dodging
 * Level 2.0 Stealth
 * Level 5.8 Evocations


You had 2 spell levels left.
You didn't know any spells.
Your spell library was empty.

Dungeon Overview and Level Annotations

Branches:
Dungeon (3/15)

Altars:


Innate Abilities, Weirdness & Mutations

You are resistant to damage.
You can heal yourself by infusing magical energy.
You passively map a small area around you.
You do not regenerate.


Message History

The orc hits you with a +0 war axe!
* * * LOW HITPOINT WARNING * * *
The orc priest looks encouraged for a moment.
You barely miss the orc priest.
The orc priest is almost dead.
The orc priest hits you but does no damage.
You hit the orc priest but do no damage.
The orc priest is almost dead.
The orc misses you.
You closely miss the orc priest.
The orc priest is almost dead.
The orc priest closely misses you.
You barely miss the orc priest.
The orc priest is almost dead.
The orc barely misses you.
You hit the orc priest but do no damage.
The orc priest is almost dead.
The orc priest calls down the wrath of Beogh upon you.
Beogh smites you!
You die...

#. # , * #. #. # * * #.
* #.# # #. ####.# # #.*
.....# # #. #..####### #
######.## #........####
....).o.####.#.)........
#o@.....).####.####
#.......### #.# ,
#.###.### #.# ** *, #.
#.# #)# * #. #.# #.# ..
#.# #.# * * #. #.# *#.#
#. #.. , ... , * ***


You could see an orc priest and an orc.

Vanquished Creatures
  An adder (D:3)
  An ooze (D:2)
  A worm (D:2)
  3 dart slugs (D:1)
  2 leopard geckos
  An orc (D:3)
  A ball python (D:1)
  7 bats
  A giant cockroach (D:1)
  2 goblins
  5 hobgoblins
  7 kobolds
  2 frilled lizards (D:2)
  2 rats
36 creatures vanquished.

Vanquished Creatures (collateral kills)
  2 orcs (D:3)
2 creatures vanquished.

Vanquished Creatures (others)
  An orc (D:3)
1 creature vanquished.

Grand Total: 39 creatures vanquished

Notes
Turn   | Place    | Note
-------+----------+-------------------------------------------
     0 | D:1      | Emblim88 the Deep Dwarf Artificer began the quest for the
                  | Orb.
     0 | D:1      | Reached XP level 1. HP: 16/16 MP: 3/3
    76 | D:1      | Reached XP level 2. HP: 24/24 MP: 5/5
   204 | D:1      | Reached skill level 5 in Evocations
   539 | D:1      | Reached XP level 3. HP: 30/30 MP: 7/7
   827 | D:2      | Reached skill level 1 in Fighting
  1389 | D:3      | Killed from afar by an orc priest

Skill      XL: |  1  2  3 |
---------------+----------+-----
Evocations     | 5 |  5.8
Fighting       | 1 |  1.1
Stealth        | 2 |  2.0
Short Blades   | |  0.8
Armour         | |  0.6
Dodging        | |  2.3

Action                   || total
-------------------------++-------
Melee: Short sword       ||   106
       Dagger            ||    30
 Abil: Heal Wounds       ||     2
Evoke: Wand              ||    15
 Stab: Sleeping          ||     1
  Eat: Chunk             ||     2
Armor: Leather armour    ||    46
Dodge: Dodged            ||    92
